 Dungeon Crawl Stone Soup version 0.12.2-35-g1c9f977 (webtiles) character file.

530 HoboGoblin the Ruffian (level 6, 0/55 HPs)
             Began as a Troll Transmuter on Sept 14, 2013.
             Slain by an orc
             ... wielding a -1,+0 orcish mace
              (7 damage)
             ... on Level 4 of the Dungeon.
             The game lasted 00:06:04 (2486 turns).

HoboGoblin the Ruffian (Troll Transmuter)           Turns: 2486, Time: 00:06:05

HP   0/55        AC  5     Str 19      XL: 6   Next: 45%
MP   3/5         EV  7     Int 11      God:
Gold 152         SH 16     Dex 10      Spells:  1 memorised,  7 levels left

Res.Fire  : . . .   See Invis. : .     - Unarmed
Res.Cold  : . . .   Warding    : .   c - +0 robe
Life Prot.: . . .   Conserve   : .   s - +0 shield
Res.Poison: .       Res.Corr.  : .   (helmet restricted)
Res.Elec. : .       Clarity    : .   (no cloak)
Sust.Abil.: . .     Spirit.Shd : .   (gloves unavailable)
Res.Mut.  : .       Stasis     : .   (boots unavailable)
Res.Rott. : .       Ctrl.Telep.: .   (no amulet)
Gourmand  : +       Flight     : .   (no ring)
                                     (no ring)

@: appendage (expiring), very slightly contaminated, slightly resistant to
hostile enchantments, unstealthy
A: unfitting armour, claws 3, horns 2, fast metabolism 3, gourmand, regeneration
2, saprovore 2, tough skin 2, AC +1
a: End Transformation


You were on level 4 of the Dungeon.
You were very full.
You had grown temporary horns.
You visited 1 branch of the dungeon, and saw 4 of its levels.

You collected 132 gold pieces.

Inventory:

Hand weapons
 E - a cursed -2 blowgun
Missiles
 b - 12 arrows
 F - a poisoned needle
Armour
 c - a +0 robe (worn)
 s - a +0 shield (worn)
Comestibles
 a - 3 meat rations
 m - a lychee
 w - 2 pears
 x - 3 beef jerkies
 A - 2 bread rations
Scrolls
 g - a scroll of random uselessness {unknown}
 j - 3 scrolls of identify {unknown}
 k - 3 scrolls of teleportation {unknown}
 l - a scroll of enchant weapon II {unknown}
 n - 2 scrolls of enchant weapon I {unknown}
 t - a scroll of noise {unknown}
 u - 4 scrolls of remove curse {unknown}
 v - a scroll of curse jewellery {unknown}
 C - a scroll of curse armour {unknown}
 G - a scroll of fog {unknown}
Jewellery
 e - an uncursed amulet of stasis {unknown}
 h - an uncursed ring of teleport control {unknown}
 y - a cursed amulet of guardian spirit {unknown}
 z - an uncursed amulet of guardian spirit {unknown}
Potions
 f - a potion of speed
 i - 3 potions of curing {unknown}
 o - 4 potions of brilliance {unknown}
 p - a potion of confusion {unknown}
 q - a potion of magic {unknown}
 r - a potion of mutation {unknown}
 B - a potion of heal wounds {unknown}
 D - a potion of slowing {unknown}
 H - a potion of might {unknown}
Books
 d - a book of Changes

   Spells                             Type                      Level
   *Beastly Appendage                 Transmutation                1
   Sticks to Snakes                   Transmutation                2
   Spider Form                        Transmutation/Poison         3
   Ice Form                           Ice/Transmutation            4
   Blade Hands                        Transmutation                5
 I - a book of War Chants

   Spells                             Type                      Level
   Fire Brand                         Charms/Fire                  2
   Freezing Aura                      Charms/Ice                   2
   Shroud of Golubria                 Charms/Translocation         2
   Repel Missiles                     Charms/Air                   2
   Poison Weapon                      Charms/Poison                3
   Regeneration                       Charms/Necromancy            3


   Skills:
 - Level 1.2 Fighting
 - Level 1.5 Dodging
 * Level 2.6 Shields
 * Level 4.8 Unarmed Combat
 - Level 1.5 Spellcasting
 * Level 3.2 Transmutations


You had 7 spell levels left.
You knew the following spells:

 Your Spells              Type           Power        Failure   Level  Hunger
a - Beastly Appendage     Trmt           ##.....      28%         1    ##.....


Dungeon Overview and Level Annotations

Branches:
Dungeon (4/27)
 Temple: D:4-7

Altars:
Makhleb
Zin


Innate Abilities, Weirdness & Mutations

You are too large for most types of armour.
You have claws for hands.
Your metabolism is lightning-fast.
You like to eat raw meat.
You heal very quickly.
You can eat rotten meat.
You are covered in fur (AC +1).
You have very tough skin (AC +2).
You have a pair of horns on your head.


Message History

The orc priest hits you but does no damage.
Things that are here:
an orcish dagger of draining; an orc corpse Unknown command.
You closely miss the orc priest. You headbutt the orc priest!
The orc priest is severely wounded.
The orc wizard points at you and mumbles some strange words.
The magic dart hits you!
The orc wizard points at you and mumbles some strange words.
The magic dart hits you!
* * * LOW HITPOINT WARNING * * *
The orc hits you with an orcish mace.
* * * LOW HITPOINT WARNING * * *
You barely miss the orc priest.
The orc priest is severely wounded.
The orc wizard casts a spell at you. The magic dart hits you!
* * * LOW HITPOINT WARNING * * *
You block the orc priest's attack. The orc hits you with an orcish mace!
You die...

#..# #.##
#.#####)#
#.......#
#.##.#.## ..
#.# #########
## #.#
#........
#.######oo...#
#.....).@o...#
########.o...#
#.....#
#######


You could see an orc priest, an orc wizard and 2 orcs.

Vanquished Creatures
  An ogre (D:4)
  A centaur skeleton (D:4)
  An orc priest (D:4)
  A hound (D:3)
  An iguana (D:4)
  9 adders
  3 worms
  2 oozes
  A giant eyeball (D:4)
  4 giant geckos
  4 orcs (D:4)
  A ball python (D:2)
  5 bats
  3 giant cockroaches
  10 hobgoblins
  5 jackals (D:2)
  3 giant newts
  9 goblins
  3 kobolds (D:3)
  12 rats
79 creatures vanquished.

Vanquished Creatures (others)
  A rat (D:4)
1 creature vanquished.

Grand Total: 80 creatures vanquished

Notes
Turn   | Place    | Note
--------------------------------------------------------------
     0 | D:1      | HoboGoblin, the Troll Transmuter, began the quest for the Orb.
     0 | D:1      | Reached XP level 1. HP: 19/19 MP: 1/1
   307 | D:1      | Reached XP level 2. HP: 24/27 MP: 1/1
   702 | D:2      | Reached skill level 1 in Fighting
   764 | D:2      | Reached XP level 3. HP: 33/33 MP: 3/3
  1090 | D:2      | Reached skill level 1 in Shields
  1090 | D:2      | Reached XP level 4. HP: 24/41 MP: 3/3
  1444 | D:3      | Reached skill level 4 in Unarmed Combat
  1564 | D:3      | Found a glowing silver altar of Zin.
  1653 | D:3      | Reached XP level 5. HP: 48/48 MP: 3/3
  2242 | D:3      | Found a burning altar of Makhleb.
  2352 | D:4      | Noticed an ogre
  2376 | D:4      | Killed an ogre
  2376 | D:4      | Reached XP level 6. HP: 28/55 MP: 1/5
  2486 | D:4      | Slain by an orc

Action                   |  1- 3 |  4- 6 || total
-------------------------+-------+-------++-------
Melee: Unarmed           |   116 |   123 ||   239
 Cast: Beastly Appendage |       |     2 ||     2
  Use: Potion            |       |     1 ||     1
 Stab: Sleeping          |     2 |       ||     2
